 Seeded DCSS version 0.28.0-53-g5a82cb258f (webtiles) character file.

Game seed: 14514060777488847018 (custom seed)

109 cbfl8 the Chopper (level 4, 0/41 HPs)
             Began as a Hill Orc Fighter on July 17, 2022.
             Was an Initiate of Beogh.
             Killed from afar by an orc wizard (7 damage)
             ... with a puff of flame
             ... on level 3 of the Dungeon.
             The game lasted 00:02:59 (2223 turns).

cbfl8 the Chopper (Hill Orc Fighter)                Turns: 2223, Time: 00:03:00

Health: 0/41       AC: 11    Str: 18    XL:     4   Next: 89%
Magic:  4/4        EV:  9    Int:  8    God:    Beogh [......]
Gold:   38         SH:  4    Dex: 12    Spells: 3/3 levels left

rFire   . . .      SeeInvis .   a - +0 war axe
rCold   . . .      Faith    .   c - +0 buckler
rNeg    . . .      Spirit   .   b - +0 scale mail
rPois   .          Reflect  .   (no helmet)
rElec   .          Harm     .   (no cloak)
rCorr   .          Rampage  .   (no gloves)
Will    .....                   (no boots)
Stlth   ..........              (no amulet)
HPRegen 0.13/turn               m - +4 ring of protection
MPRegen 0.09/turn               (no ring)

@: mighty
A: no striking features
a: Renounce Religion


You were on level 3 of the Dungeon.
You worshipped Beogh.
Beogh was noncommittal.
You visited 1 branch of the dungeon, and saw 3 of its levels.

You collected 38 gold pieces.

Inventory:

Hand Weapons
 a - a +0 war axe (weapon)
 k - a +1 vorpal hand axe
Armour
 b - a +0 scale mail (worn)
 c - a +0 buckler (worn)
 l - a +0 buckler
Jewellery
 m - a +4 ring of protection (left hand)
Scrolls
 e - a scroll of identify {unknown}
 f - a scroll of enchant weapon {unknown}
 h - 5 scrolls of amnesia {unknown}
 j - 2 scrolls of fog {unknown}
Potions
 d - a potion of might
 g - 2 potions of curing {unknown}
 i - a potion of flight {unknown}


   Skills:
 + Level 4.3 Fighting
 + Level 4.7 Axes
 + Level 3.9 Armour
 + Level 0.2 Dodging
 + Level 3.7 Shields


You had 3 spell levels left.
You didn't know any spells.
Your spell library contained the following spells:

 Spells                   Type           Power      Damage    Failure   Level
 Malign Gateway           Summ/Tloc      0%         N/A       100%        7
 Summon Horrible Things   Summ           0%         N/A       100%        8


Dungeon Overview and Level Annotations

Branches:
Dungeon (3/15)

Altars:
Beogh


Message History

Something hits you but does no damage.
You hit the orc.
You kill the orc!
Beogh accepts your kill.
You barely miss something.
The orc priest invokes the aid of Beogh against you.
Pain shoots through your body!
You hear some strange, mumbled words.
A puff of flame appears from out of thin air!
The puff of flame hits you. The orc priest completely misses you.
There is an open door, spattered with blood here.
Something hits you but does no damage.
Okay, then.
You feel very mighty all of a sudden.
You hear some strange, mumbled words.
Something tries to affect you, but you resist.
You miss something. You barely miss the orc priest.
The orc priest hits you but does no damage.
Something hits you but does no damage.
The orc priest calls down the wrath of Beogh upon you.
Beogh smites you! Something completely misses you.
You barely miss something. You slash the orc priest!
The orc priest calls down the wrath of Beogh upon you.
Pain shoots through your body!
* * * LOW HITPOINT WARNING * * *
Something hits you but does no damage.
You hit the orc priest.
You kill the orc priest!
Beogh accepts your kill.
Beogh appreciates your killing of a heretic priest.
You closely miss something. Something hits you but does no damage.
You miss something. Something hits you.
* * * LOW HITPOINT WARNING * * *
Something hits you but does no damage.
You slash something!
You hear some strange, mumbled words.
A puff of flame appears from out of thin air!
The puff of flame hits you!
You die...
Beogh appreciates something's killing of a heretic priest.

##################
#>................
########.################
#......#.# #......'.#
#......#.## #......'..#
#......#@{# #)....##)##
#....##...# ######$8.8.#
#.$$$$# #.8$8$# ##$_$##
#####


There were no monsters in sight!

Vanquished Creatures
  An orc priest (D:3)
  An adder (D:2)
  2 worms (D:2)
  A dart slug (D:2)
  8 orcs (D:3)
  5 bats
  An endoplasm (D:1)
  2 giant cockroaches (D:2)
  6 goblins
  3 hobgoblins (D:2)
  6 jackals
  4 kobolds
  A quokka (D:1)
  4 ball pythons
  2 frilled lizards (D:1)
  3 rats
50 creatures vanquished.

Vanquished Creatures (others)
  An orc (D:3)
  2 rats (D:3)
3 creatures vanquished.

Grand Total: 53 creatures vanquished

Notes
Turn   | Place    | Note
-------+----------+-------------------------------------------
     0 | D:1      | cbfl8 the Hill Orc Fighter began the quest for the Orb.
     0 | D:1      | Reached XP level 1. HP: 19/19 MP: 1/1
   206 | D:1      | Reached XP level 2. HP: 22/27 MP: 2/2
   328 | D:1      | Found a faded altar of an unknown god.
  1043 | D:2      | Reached XP level 3. HP: 26/33 MP: 3/3
  1695 | D:2      | Reached XP level 4. HP: 33/40 MP: 4/4
  1838 | D:3      | Became a worshipper of Beogh the Brigand
  2209 | D:3      | Found a roughly hewn altar of Beogh.
  2223 | D:3      | Killed from afar by an orc wizard

Illustrated notes

Levels and vault maps discovered:
D:1:      evilmike_arrival_rings, layout_loops_ring,
          dreamdust_ecumenical_altar_angels_and_demons
D:2:      layout_rooms
D:3:      layout_basic, kennysheep_orc_chapel

Skill      XL: |  1  2  3 |
---------------+----------+-----
Fighting       | 4 |  4.3
Axes           | 3 4 |  4.7
Armour         | |  3.9
Dodging        | |  0.2
Shields        | |  3.7

Action                   |  1- 3 |  4- 6 || total
-------------------------+-------+-------++-------
Melee: War axe           |   122 |    22 ||   144
Invok: Convert to Beogh  |       |     1 ||     1
  Use: Potion            |       |     1 ||     1
Armor: Scale mail        |    86 |    24 ||   110
Dodge: Dodged            |    75 |    18 ||    93
Block: Buckler           |    42 |     5 ||    47
